 Dungeon Crawl Stone Soup version 0.28-a0-43-g560ac104fe (webtiles) character file.

Game seed: 2905860274189610386

8455 Sobieck the Thaumaturge (level 11, 0/55 HPs)
             Began as a Deep Elf Conjurer on July 28, 2021.
             Was a High Priest of Hepliaklqana.
             Killed from afar by a hell hog (55 damage)
             ... with a fireball
             ... on level 2 of the Abyss.
             The game lasted 00:26:01 (11204 turns).

Sobieck the Thaumaturge (Deep Elf Conjurer)        Turns: 11204, Time: 00:26:02

Health: 0/55       AC: 10    Str:  4    XL:     11   Next: 10%
Magic:  27/27      EV: 15    Int: 27    God:    Hepliaklqana [*****.]
Gold:   624        SH:  5    Dex: 13    Spells: 19/30 levels left

rFire   x . .      SeeInvis +   H - +5 trident of the Glowing Tiger {vamp, Fly, polearm}
rCold   . . .      Faith    .   (no shield)
rNeg    . . .      Spirit   .   K - +4 robe of Satu Dei {rElec rF- Slay+3 SInv}
rPois   .          Reflect  +   i - +1 helmet
rElec   +          Harm     .   (no cloak)
rCorr   .          Rampage  .   k - +1 pair of gloves
Will    +....                   (no boots)
Stlth   ++++......              w - amulet of reflection
HPRegen 0.18/turn               D - ring of wizardry
MPRegen 0.20/turn               (no ring)

@: flying
A: reduced essence
a: Renounce Religion, Recall Ancestor, Ancestor Identity, Transference, Idealise


You were on level 2 of the Abyss.
You worshipped Hepliaklqana.
Hepliaklqana was extremely pleased with you.
You visited 1 branch of the dungeon, and saw 11 of its levels.
You visited the Abyss 1 time.

You collected 624 gold pieces.


   Skills:
 + Level 4.3 Fighting
 + Level 7.0 Dodging
 + Level 7.6 Stealth
 - Level 10.0 Spellcasting
 - Level 10.0 Conjurations
 - Level 10.0 Hexes
 + Level 5.8 Invocations


You had 19 spell levels left.
You knew the following spells:

 Your Spells              Type           Power      Damage    Failure   Level
a - Magic Dart            Conj           100%       1d8       1%          1
b - Searing Ray           Conj           100%       3d7       1%          2
c - Fulminant Prism       Conj/Hex       30%        3d16      1%          4
d - Iskenderun's Mystic   Conj/Tloc      40%        2d9       2%          4

Your spell library contained the following spells:

 Spells                   Type           Power      Damage    Failure   Level
 Summon Small Mammal      Summ           52%        N/A       1%          1
 Static Discharge         Conj/Air       40%        N/A       1%          2
 Dazzling Flash           Conj/Hex       100%       N/A       1%          3
 Summon Guardian Golem    Hex/Summ       40%        N/A       1%          3
 Tukima's Dance           Hex            61%        N/A       1%          3
 Sticky Flame             Conj/Fire      40%        2d6       2%          4
 Call Canine Familiar     Summ           13%        N/A       5%          3
 Yara's Violent Unravell  Hex/Tmut       20%        3d9       6%          5
 Dispel Undead            Necr           13%        3d9       16%         4
 Passage of Golubria      Tloc           N/A        N/A       16%         4
 Summon Lightning Spire   Summ/Air       13%        N/A       16%         4
 Storm Form               Tmut/Air       6%         N/A       100%        7
 Maxwell's Capacitive Co  Air            6%         ∞         100%        8

Inventory:

Hand Weapons
 g - a +1 falchion of draining {long}
   (You took it off an orc on level 4 of the Dungeon)
 H - the +5 trident of the Glowing Tiger (weapon) {vamp, Fly, polearm}
   (You took it off a wight on level 9 of the Dungeon)

   It occasionally heals its wielder for a portion of the damage dealt when it
   wounds a living foe.
   Fly:       It grants you flight.
Missiles
 b - 17 sling bullets
 e - 340 stones {throwing}
 f - 244 arrows
 l - 9 boomerangs {throwing}
 n - 3 throwing nets {=f!fthrowing}
 p - 6 curare-tipped darts {=fthrowing}
 q - 18 bolts
 A - 36 poisoned darts {throwing}
Armour
 i - a +1 helmet (worn)
   (You found it on level 1 of the Dungeon)
 k - a +1 pair of gloves (worn)
   (You found it on level 2 of the Dungeon)
 u - a +1 helmet
   (You found it on level 9 of the Dungeon)
 K - the +4 robe of Satu Dei (worn) {rElec rF- Slay+3 SInv}
   (You found it on level 5 of the Dungeon)

   Slay:      It affects your accuracy & damage with ranged weapons and melee
   (+3).
   rF:        It makes you vulnerable to fire.
   rElec:     It insulates you from electricity.
   SInv:      It lets you see invisible.
Jewellery
 a - a ring of see invisible
   (You found it on level 7 of the Dungeon)
 d - an amulet of regeneration {@e2}
   (You found it on level 6 of the Dungeon)
 w - an amulet of reflection (around neck)
   (You found it on level 3 of the Dungeon)
 D - a ring of wizardry (left hand)
   (You took it off a goblin on level 4 of the Dungeon)
Wands
 r - a wand of charming (3)
   (You found it on level 8 of the Dungeon)
Scrolls
 h - 4 scrolls of teleportation {@r4}
 j - 2 scrolls of identify {@r1}
 m - 2 scrolls of vulnerability {unknown}
 s - 2 scrolls of holy word
 x - a scroll of fog
 y - a scroll of amnesia
 I - a scroll of torment {unknown}
 J - a scroll of summoning
 L - 4 scrolls of magic mapping {!r}
Potions
 c - a potion of heal wounds {unknown}
 o - 2 potions of might
 t - 2 potions of mutation {!q}
 v - a potion of flight {unknown}
 z - 6 potions of curing {@q1}
 B - a potion of brilliance {unknown}
 C - 2 potions of lignification {!q}
 E - 3 potions of cancellation
 F - a potion of haste {unknown}
 G - 2 potions of attraction {unknown}
 M - 2 potions of invisibility {unknown}

Dungeon Overview and Level Annotations

Branches:
Dungeon (11/15)            Temple (0/1) D:5            Lair (0/6) D:10
    Orc: D:9-12

Altars:
Cheibriados
Elyvilon
Hepliaklqana
Kikubaaqudgha
Nemelex Xobeh
Qazlal
Vehumet
Wu Jian
Xom
Yredelemnul

Shops:
D:7 :   D:10 :[

Annotations:
D:8 exclusion: downstairs
D:9 exclusion: 2 downstairs
D:11 Erolcha

. # .# #./. .#h ..#
# #..## . # ## #.#.#
.##... #@.## # #.#.
#...######.# ..#
#..###.#...##.#
##...#.#.###.##
#.#.......##..#
#..#..#.#..#.#.#
#..#....##...##.####
##.#.#..#.###.... .#
##.#.##... #..#....


You could see a hell hog (catching breath).


Message History

Unknown command.
Unknown command.
o - 2 potions of might (gained 1)
A steam dragon comes into view.
You see here a +0 ring mail.
The magic dart hits the steam dragon. 😎 MP[-1]
You lost 1 mp, and now have 26/27 mp.
Casting: Magic Dart (safe; 1% risk of failure)
Confirm with . or Enter, or press ? or * to list all spells.
Aiming: Searing Ray (safe; 1% risk of failure)
Press: ? - help, Shift-Dir - straight line, f - you, p - steam dragon
Okay, then.
Casting: Searing Ray (safe; 1% risk of failure)
Confirm with . or Enter, or press ? or * to list all spells.
Aiming: Fulminant Prism (safe; 1% risk of failure)
Press: ? - help, Dir - move target, p - steam dragon You conjure a prism of explosive energy!
A fulminant prism comes into view.
The steam dragon breathes steam at you.
The ball of steam hits Hank.
Hank resists.
The ball of steam misses you. 😎 MP[-4]
You lost 4 mp, and now have 22/27 mp.
Unknown command.
You hear a loud crackle.
You hear an explosion! 😎 MP[+1] Hank hits the steam dragon with a +0 flail!
The steam dragon dies!
The steam dragon scales are intact enough to wear.
Your Dodging skill increases to level 7!
Things that are here:
+0 steam dragon scales; a steam dragon corpse You can't see any susceptible monsters within range! (Use Z to cast anyway.) Unknown command.
Unknown command.
Okay, then.
Unknown command.
Found a radiant altar of Vehumet. 😎 MP[+4]
Your mp is fully restored (27).
You swap places.
Found a shimmering altar of Xom.
Found a stone staircase leading down.
You now have 612 gold pieces (gained 17).
You now have 624 gold pieces (gained 12).
L - 4 scrolls of magic mapping {!r} (gained 2)
You swap places.
You pick up a book of Callings and begin reading...
Unfortunately, you learned nothing new.
e - 340 stones {throwing} (gained 18)
There is an escape hatch in the floor here.
You swap places.
There is an escape hatch in the floor here.
Done exploring.
(D) Dungeon (T) Temple (L) Lair
Where to? (Enter - D:10, ? - help)
You swap places.
There is a stone staircase leading down here.
You fly downwards.
Erolcha and a zombie come into view.
Found a robe.
Found a stone staircase leading down.
There is a stone staircase leading up here.
Casting: Fulminant Prism (safe; 1% risk of failure)
Confirm with . or Enter, or press ? or * to list all spells.
Aiming: Fulminant Prism (safe; 1% risk of failure)
Press: ? - help, Dir - move target You conjure a prism of explosive energy!
A fulminant prism comes into view.
The meliai zombie hits your fulminant prism. x2
Erolcha points at you and mumbles some strange words.
You are cast into the Abyss!
To return, you must find a gate leading back.
Killing monsters will force the Abyss to allow you passage.
This branch contains the abyssal rune of Zot. 😎 MP[-4]
You lost 4 mp, and now have 23/27 mp.
You can't see any susceptible monsters within range! (Use Z to cast anyway.) Unknown command.
Unknown command. 😎 MP[+1]
M - 2 smoky emerald potions 😎 MP[+1] 😎 MP[+1]
f - 244 arrows (gained 26) 😎 MP[+1]
Your mp is fully restored (27).
Okay, then.
Unknown command. 3 raiju come into view.
A thrashing horror comes into view.
A thrashing horror comes into view.
A balrug comes into view.
It is wielding a +2 demon whip of venom.
A hell hog comes into view.
The hell hog breathes fire at you.
The fireball explodes!
The fireball engulfs you!!! The fire burns you terribly!
Ouch! That really hurt!
You die...

Skill      XL: |  1  2  3  4  5  6  7  8  9 10 11 |
---------------+----------------------------------+-----
Spellcasting   | 4 5 6 8 10 | 10.0
Conjurations   | 5 6 7 9 10 | 10.0
Hexes          | 1 2 4 6 8 10 | 10.0
Stealth        | 4 7 |  7.6
Invocations    | 2 5 |  5.8
Fighting       | 1 4 |  4.3
Dodging        | 4 6 7 |  7.0

Action                   |  1- 3 |  4- 6 |  7- 9 | 10-12 || total
-------------------------+-------+-------+-------+-------++-------
Melee: Trident           |       |       |       |     7 ||     7
 Cast: Magic Dart        |    65 |    74 |   150 |    64 ||   353
       Searing Ray       |     1 |    14 |    16 |     7 ||    38
       Fulminant Prism   |       |       |    19 |    20 ||    39
Invok: Ancestor Identity |       |     1 |       |       ||     1
       Ancestor Life: Kn |       |       |     1 |       ||     1
  Use: Scroll            |       |     1 |    15 |       ||    16
Armor: Robe              |       |       |     4 |     4 ||     8
Dodge: Dodged            |     2 |     3 |    11 |    16 ||    32
Block: Other             |       |     1 |     6 |     3 ||    10
       Reflection        |       |       |     2 |       ||     2
       Rpst.: Falchion   |       |       |     3 |     1 ||     4

Levels and vault maps discovered:
D:1:      dpeg_arrival_more_subterranean_lakeside_camping, layout_rooms,
          minmay_door_square
D:2:      layout_loops_cross, ebering_ecumenical_altar_petrified
D:3:      layout_loops_corners, mainiacjoe_overflow_alcove_4,
          minmay_snake_closets
D:4:      layout_cave_pods, mainiacjoe_overflow_six_doors_small
D:5:      layout_rooms, temple_pool_b, portal_sewer_entry_e
D:6:      layout_gridville, mainiacjoe_overflow_catwalk
D:7:      layout_cave_pools, nicolae_overflow_hidden_temple, serial_shops, shop,
          kennysheep_generic_room_10, uniq_harold
D:8:      layout_gridville, marbit_many_paths, amcnicky_altar_gilded
D:9:      layout_layer_cave, mainiacjoe_overflow_tiny_flanked,
          yredelemnul_forgotten_temple_becter, slow_altar_2
D:10:     layout_rooms, mainiacjoe_overflow_small_starburst,
          mainiacjoe_overflow_brackets, david_lair_shrubbed, serial_shops,
          kennysheep_mini_moat, shop, solitary_fountain
D:11:     layout_loops_ring, david_orc_4, uniq_erolcha
Abyss:2:  base: Sewer, evilmike_abyss_exit_vortex, evilmike_abyss_exit_8

Notes
Turn   | Place    | Note
-------+----------+-------------------------------------------
     0 | D:1      | Sobieck the Deep Elf Conjurer began the quest for the Orb.
     0 | D:1      | Reached XP level 1. HP: 10/10 MP: 6/6
     0 | D:1      | magus.rc [v1.9.6]
   287 | D:1      | You pick up a book of Touch and begin reading...
   287 | D:1      | You add the spells Static Discharge, Sticky Flame and
                  | Dispel Undead to your library.
   342 | D:1      | Reached XP level 2. HP: 15/15 MP: 6/8
   964 | D:2      | Reached skill level 4 in Spellcasting
   996 | D:2      | Found a faded altar of an unknown god.
  1027 | D:2      | Reached skill level 5 in Conjurations
  1027 | D:2      | Reached XP level 3. HP: 19/19 MP: 8/10
  1750 | D:3      | Found a hazy altar of Hepliaklqana.
  1770 | D:3      | Became a worshipper of Hepliaklqana the Forgotten
  1929 | D:3      | Learned a level 2 spell: Searing Ray
  1966 | D:3      | Reached XP level 4. HP: 19/24 MP: 7/12
  1969 | D:3      | Reached skill level 5 in Spellcasting
  2046 | D:3      | Learned a level 4 spell: Fulminant Prism
  2051 | D:3      | Learned a level 4 spell: Iskenderun's Mystic Blast
  2251 | D:3      | Reached skill level 1 in Hexes
  2251 | D:3      | Reached XP level 5. HP: 28/28 MP: 7/14
  3155 | D:4      | Found a sparkling altar of Nemelex Xobeh.
  3235 | D:4      | Noticed an ogre
  3240 | D:4      | Killed an ogre
  3241 | D:4      | Reached skill level 6 in Spellcasting
  3241 | D:4      | Reached skill level 6 in Conjurations
  3241 | D:4      | Reached skill level 2 in Hexes
  3241 | D:4      | Reached XP level 6. HP: 32/32 MP: 6/17
  3336 | D:4      | You pick up a book of Callings and begin reading...
  3336 | D:4      | You add the spells Summon Small Mammal, Call Canine
                  | Familiar and Summon Guardian Golem to your library.
  3387 | D:4      | Reached skill level 3 in Hexes
  3410 | D:4      | Reached * piety under Hepliaklqana
  4206 | D:5      | Entered Level 5 of the Dungeon
  4256 | D:5      | Found a staircase to the Ecumenical Temple.
  4271 | D:5      | Identified the +10 chain mail "Hiub" {rPois rF+}
  4305 | D:5      | Reached skill level 4 in Hexes
  4305 | D:5      | Reached XP level 7. HP: 32/32 MP: 11/19
  4356 | D:5      | You add the spells Tukima's Dance, Passage of Golubria and
                  | Yara's Violent Unravelling to your library.
  4408 | D:5      | Reached skill level 7 in Spellcasting
  4408 | D:5      | Reached skill level 7 in Conjurations
  4613 | D:5      | Identified the +4 robe of Satu Dei {rElec rF- Slay+3 SInv}
  4757 | D:5      | Reached skill level 5 in Hexes
  5111 | D:5      | Reached ** piety under Hepliaklqana
  5157 | D:5      | Reached skill level 8 in Spellcasting
  5339 | D:6      | Found a white marble altar of Elyvilon.
  5448 | D:6      | Reached skill level 6 in Hexes
  5448 | D:6      | Reached XP level 8. HP: 36/36 MP: 16/22
  5492 | D:6      | Identified the +7 spear "Odetag" {flame, Drain Fly rF+}
  5827 | D:6      | Reached skill level 8 in Conjurations
  5896 | D:6      | Reached *** piety under Hepliaklqana
  5897 | D:6      | Remembered your ancestor Hank as a knight
  6306 | D:7      | Reached skill level 9 in Spellcasting
  6306 | D:7      | Reached skill level 7 in Hexes
  6547 | D:7      | Identified the +1 great mace of Barnacled Defence
                  | {antimagic, rElec rPois rN+ Dex-3}
  6718 | D:7      | Found Ucvuocha's Book Shop.
  6741 | D:7      | Noticed Harold
  6810 | D:7      | Killed Harold
  6811 | D:7      | Reached skill level 10 in Spellcasting
  6811 | D:7      | Reached skill level 9 in Conjurations
  6811 | D:7      | Reached skill level 8 in Hexes
  6811 | D:7      | Reached XP level 9. HP: 40/40 MP: 12/25
  6927 | D:7      | Reached skill level 9 in Hexes
  7352 | D:8      | Found an ornate altar of the Wu Jian Council.
  7386 | D:8      | Reached skill level 10 in Conjurations
  7464 | D:8      | Noticed a gargoyle
  7472 | D:8      | HP: 10/40 [gargoyle (15)]
  7475 | D:8      | Killed a gargoyle
  7476 | D:8      | Reached skill level 10 in Hexes
  7476 | D:8      | Reached skill level 3 in Stealth
  7476 | D:8      | Reached skill level 1 in Invocations
  7710 | D:8      | Reached skill level 1 in Fighting
  7710 | D:8      | Reached skill level 3 in Dodging
  8007 | D:8      | Reached **** piety under Hepliaklqana
  8048 | D:8      | Reached skill level 2 in Invocations
  8357 | D:8      | Reached skill level 4 in Stealth
  8570 | D:8      | Found a stormy altar of Qazlal.
  8812 | D:8      | You pick up a book of the Sky and begin reading...
  8812 | D:8      | You add the spells Summon Lightning Spire, Storm Form and
                  | Maxwell's Capacitive Coupling to your library.
  9024 | D:9      | Reached skill level 4 in Dodging
  9024 | D:9      | Reached XP level 10. HP: 47/47 MP: 20/26
  9028 | D:9      | Reached skill level 2 in Fighting
  9077 | D:9      | Reached skill level 3 in Invocations
  9379 | D:9      | Found an ancient bone altar of Kikubaaqudgha.
  9439 | D:9      | Reached skill level 5 in Stealth
  9442 | D:9      | Reached skill level 5 in Dodging
  9467 | D:9      | Reached skill level 3 in Fighting
  9467 | D:9      | Reached skill level 4 in Invocations
  9579 | D:9      | Identified the +5 trident of the Glowing Tiger {vamp, Fly}
  9807 | D:9      | Reached ***** piety under Hepliaklqana
  9868 | D:9      | Reached skill level 6 in Stealth
 10036 | D:9      | Found a snail-covered altar of Cheibriados.
 10214 | D:9      | Found a basalt altar of Yredelemnul.
 10354 | D:10     | Entered Level 10 of the Dungeon
 10523 | D:10     | Reached skill level 6 in Dodging
 10542 | D:10     | Reached skill level 5 in Invocations
 10603 | D:10     | Found a staircase to the Lair.
 10695 | D:10     | Reached skill level 4 in Fighting
 10695 | D:10     | Reached skill level 7 in Stealth
 10695 | D:10     | Noticed a two-headed ogre
 10704 | D:10     | Killed a two-headed ogre
 10705 | D:10     | Reached XP level 11. HP: 54/54 MP: 7/27
 10849 | D:10     | Found Ifomn's Armour Emporium.
 10880 | D:10     | Found Dofar's Book Boutique.
 10903 | D:10     | Reached skill level 7 in Dodging
 10923 | D:10     | Found a radiant altar of Vehumet.
 10964 | D:10     | Found a shimmering altar of Xom.
 10998 | D:10     | You pick up a book of Callings and begin reading...
 11127 | D:11     | Noticed Erolcha
 11128 | D:11     | You are cast into the Abyss!
 11128 | D:11     | Cast into level 2 of the Abyss (Erolcha)
 11177 | Abyss:2  | Noticed a thrashing horror
 11180 | Abyss:2  | Noticed a thrashing horror
 11188 | Abyss:2  | Noticed a balrug
 11203 | Abyss:2  | Noticed a hell hog
 11204 | Abyss:2  | Killed from afar by a hell hog

Vanquished Creatures
  Harold (D:7)
  A two-headed ogre (D:10)
  A vampire (D:10)
  A wraith (D:10)
  A shadow (D:10)
  7 yaks
  2 water moccasins (D:8)
  A black bear (D:6)
  3 ice beasts
  An ogre (D:4)
  2 hornet zombies
  2 necrophages
  3 centaurs
  A phantom (D:7)
  A bullfrog (D:9)
  4 scorpions
  A wyvern zombie (D:6)
  7 killer bees (D:9)
  4 wights (D:9)
  5 howler monkeys
  A centaur zombie (D:8)
  A jelly (D:4)
  A gnoll shaman (D:9)
  An orc priest (D:3)
  2 hounds
  2 iguanas
  4 orc wizards
  A killer bee zombie (D:7)
  A hound zombie (D:5)
  A hound skeleton (D:4)
  8 gnolls
  11 adders
  A shadow imp (D:3)
  2 ufetubi (D:5)
  An adder skeleton (D:4)
  3 worms
  2 dart slugs
  18 orcs
  7 endoplasms
  2 giant cockroaches
  8 hobgoblins
  5 jackals
  A quokka (D:2)
  10 ball pythons
  2 bats (D:2)
  3 frilled lizards (D:2)
  5 goblins
  9 kobolds
  2 rats (D:2)
  A spectral orc (D:9)
165 creatures vanquished.

Vanquished Creatures (collateral kills)
  A gargoyle (D:8)
  An unseen horror (D:10)
  A komodo dragon (D:10)
  A troll (D:9)
  3 yaks (D:9)
  2 steam dragons
  A water moccasin (D:8)
  An orc warrior (D:7)
  A necrophage (D:8)
  A kobold brigand (D:9)
  A bullfrog (D:9)
  A scorpion (D:6)
  3 killer bees (D:9)
  A wight (D:9)
  A centaur zombie (D:10)
  2 jellies
  A bullfrog zombie (D:5)
  A bullfrog skeleton (D:7)
  A gnoll shaman (D:7)
  An orc wizard (D:8)
  A scorpion zombie (D:5)
  A hound zombie (D:5)
  A howler monkey zombie (D:9)
  3 gnolls
  A shadow imp (D:8)
  A worm (D:9)
  5 orcs
  An endoplasm (D:4)
  A giant cockroach (D:4)
  A jackal (D:4)
42 creatures vanquished.

Vanquished Creatures (others)
  An ancestor (D:5)
  38 fulminant prisms
  7 plants (D:10)
  2 withered plants (D:2)
48 creatures vanquished.

Grand Total: 255 creatures vanquished

Table legend:
 A = Non-vault XP
 B = Vault XP
 C = Vault XP percentage of total XP
 D = Non-vault monster count
 E = Vault monster count
 F = Vault count percentage of total count
                 A         B        C        D         E       F
            +---------+---------+-------+---------+---------+-------
      Total |   10329 |    1750 |  14.5 |     191 |      16 |   7.7
            +---------+---------+-------+---------+---------+-------
        D:1 |      14 |       0 |   0.0 |       9 |       0 |   0.0
        D:2 |      49 |       0 |   0.0 |      22 |       0 |   0.0
        D:3 |     137 |      50 |  26.7 |      19 |       9 |  32.1
        D:4 |     372 |       0 |   0.0 |      21 |       0 |   0.0
        D:5 |     785 |       0 |   0.0 |      18 |       0 |   0.0
        D:6 |     591 |       0 |   0.0 |       8 |       0 |   0.0
        D:7 |     750 |    1221 |  61.9 |      20 |       3 |  13.0
        D:8 |    1438 |     118 |   7.6 |      24 |       1 |   4.0
        D:9 |    3034 |       6 |   0.2 |      38 |       2 |   5.0
       D:10 |    3159 |     355 |  10.1 |      12 |       1 |   7.7
            +---------+---------+-------+---------+---------+-------

Illustrated notes

Table legend:
 A = Kills in this place as a percentage of kills in entire the game.
 B = Kills by you in this place as a percentage of kills by you in the entire game.
 C = Kills by friends in this place as a percentage of kills by friends in the entire game.
 D = Other kills in this place as a percentage of other kills in the entire game.
 E = Experience gained in this place as a percentage of experience gained in the entire game.
 F = Experience gained in this place divided by the number of levels of this place that you have seen.
                   A       B       C       D       E      F
               +-------+-------+-------+-------+-------+----------------------
         Total | 100.0 | 100.0 | 100.0 |   N/A | 100.0 | 1006.6
       Dungeon | 100.0 | 100.0 | 100.0 |   N/A | 100.0 | 1098.1
               +-------+-------+-------+-------+-------+----------------------

Table legend: (Time is in decaauts)
 A = Elapsed time spent in this place.
 B = Non-inter-level travel time spent in this place.
 C = Inter-level travel time spent in this place.
 D = Time resting spent in this place.
 E = Time spent auto-exploring this place.
 F = Levels seen in this place.
 G = Mean time per level.
                   A        B        C        D        E       F      G
               +--------+--------+--------+--------+--------+-----+--------+
         Total |  11208 |  10850 |    358 |    853 |   8797 |  12 |  934.0 |
       Dungeon |  11133 |  10775 |    358 |    853 |   8797 |  11 | 1012.1 |
         Abyss |     75 |     75 |      0 |      0 |      0 |   1 |   75.0 |
               +--------+--------+--------+--------+--------+-----+--------+

Top non-repeatable levels by time:
     D:8: 1825 daAuts
     D:3: 1570 daAuts
     D:9: 1234 daAuts
     D:4: 1142 daAuts
     D:6: 1102 daAuts
     D:5: 1041 daAuts
     D:7: 1004 daAuts
     D:2: 808 daAuts
    D:10: 720 daAuts
     D:1: 682 daAuts
 Abyss:2: 75 daAuts
    D:11: 0 daAuts
